Cogmind - Beta 13 @@@ ROGUE MODE // 2024.04.10 @ 13:57:11 Player: f_ Result: Destroyed by P-60 Hacker with Shock Rifle Performance ------------- Evolutions (3) 1500 Regions Visited (11) 2200 Robots Destroyed (57) 285 Value Destroyed (2262) 2262 Prototype IDs (27) 540 Alien Tech Used (0) 0 Bonus (1317) 1317 TOTAL SCORE: 8104 Bonus ------- Pacifist 200 High Alert Combat Kills 70 Follower Combat Kills 71 Entered Garrisons 200 Used RIF Installer 500 Aligned with FarCom 300 Friendly Fire -24 Cogmind --------- Core Integrity 0/700 Matter 286/300 Energy 300/300 System Corruption 36% Temperature Cool (0) Movement Rolling (120) Ox2 Location -7/Factory Parts ------- > --- POWER (1) -------- Enhanced Nuclear Core > --- PROPULSION (3) --- Wheel Armored Huge Wheel > --- UTILITY (4) ------ Huge Storage Unit Hardened Medium Armor Plating Hacking Suite Hacking Suite > --- WEAPON (5) ------- Katana (fused) > --- INVENTORY (25) --- Improved Deuterium Engine Micro Nuclear Core Micro Nuclear Core Improved Cooling System Improved Signal Interpreter Improved Signal Interpreter Improved Target Analyzer Microactuators Microactuators Reaction Control System Improved Weapon Shielding Improved Shield Generator Relay Coupler [NC] (22) Relay Coupler [Swarmer] (31) Relay Coupler [Duelist] (22) Relay Coupler [Sentry] (18) Lightning Gun Advanced Assault Cannon Advanced Assault Cannon Improved Datajack Improved Datajack Improved Datajack Peak State ------------ > --- POWER ------------ Enhanced Nuclear Core > --- PROPULSION ------- Light Treads Armored Huge Wheel > --- UTILITY ---------- High-capacity Storage Unit Melee Analysis Suite Layered Light Armor Plating Hacking Suite > --- WEAPON ----------- Heavy Flail Katana Greatsword Longsword +1 > --- INVENTORY -------- Nuclear Core Compact Wheel Armored Wheel Armored Wheel Armored Wheel Armored Huge Wheel Improved Heat Sink Improved Cooling System Melee Analysis Suite Core Analyzer Core Analyzer Medium Armor Plating Improved Light Armor Plating Relay Coupler [NC] Relay Coupler [NC] Relay Coupler [Hunter] Component Analysis Suite Improved Trap Extractor Power Maul [Rating: 53] Favorites ----------- Power Enhanced Nuclear Core Engine Light Ion Engine Power Core Enhanced Nuclear Core Propulsion Light Treads Treads Light Treads Leg Aluminum Leg Wheel Armored Huge Wheel Utility Hacking Suite Device Shield Generator Storage High-capacity Storage Unit Processor Melee Analysis Suite Hackware Hacking Suite Protection Hardened Light Armor Plating Weapon Katana Energy Gun Beam Rifle Ballistic Cannon Flak Cannon Launcher Mini Grenade Launcher Special Weapon Remote Datajack Impact Weapon Heavy Flail Slashing Weapon Katana Special Melee Weapon Datajack Build | -11 -10 -10 -9 -9 -9 -8 -8 -8 -7 -7 -7 ------- Run | Yrd Mat Min Mat Min Exi Min Mat Gar Fac Was Fac Slots Evolved 6 | . . . 2 . . . 2 . 2 . . Power . | . . . . . . . . . . . . Propulsion 1 | . . . . . . . . . 1 . . Utility 2 | . . . 2 . . . . . . . . Weapon 3 | . . . . . . . 2 . 1 . . Parts Attached 95 | . 1 1 . 9 1 1 5 12 33 4 28 Power 15 | . . . . 1 . . . 4 6 . 4 Engine 9 | . . . . 1 . . . 3 4 . 1 Core 6 | . . . . . . . . 1 2 . 3 Reactor . | . . . . . . . . . . . . Propulsion 22 | . . 1 . 2 . . 1 3 7 3 5 Treads 8 | . . 1 . 2 . . . 1 3 . 1 Leg 1 | . . . . . . . . . . . 1 Wheel 13 | . . . . . . . 1 2 4 3 3 Hover . | . . . . . . . . . . . . Flight . | . . . . . . . . . . . . Utility 34 | . . . . 4 . 1 2 5 6 1 15 Device 9 | . . . . 1 . 1 1 . . . 6 Storage 3 | . . . . . . . . 1 1 . 1 Processor 5 | . . . . 1 . . . . 2 . 2 Hackware 6 | . . . . . . . 1 3 . . 2 Protection 11 | . . . . 2 . . . 1 3 1 4 Artifact . | . . . . . . . . . . . . Weapon 24 | . 1 . . 2 1 . 2 . 14 . 4 Energy Gun 1 | . . . . . . . 1 . . . . Energy Cannon . | . . . . . . . . . . . . Ballistic Gun . | . . . . . . . . . . . . Ballistic Cannon 2 | . . . . . . . . . 2 . . Launcher 4 | . . . . 2 . . 1 . 1 . . Special Weapon 2 | . . . . . . . . . . . 2 Impact Weapon 4 | . . . . . . . . . 4 . . Slashing Weapon 8 | . . . . . 1 . . . 5 . 2 Piercing Weapon . | . . . . . . . . . . . . Special Melee Weapon 3 | . 1 . . . . . . . 2 . . Unidentified Prototypes 2 | . . . . . . . . . 2 . . Parts Lost 26 | . . . . . . . . 5 4 9 8 Power 4 | . . . . . . . . 2 1 . 1 Propulsion 9 | . . . . . . . . 1 1 5 2 Utility 5 | . . . . . . . . 1 1 2 1 Weapon 8 | . . . . . . . . 1 1 2 4 Highest Loss Streak 6 | . . . . . . . . 2 1 6 4 To Critical Strikes 1 | . . . . . . . . . . 1 . Average Slot Usage (%) 83 | . 2 19 . 77 100 90 96 91 87 87 71 Engine 3 | . . . . 3 11 11 9 7 1 . . Core 3 | . . . . . . . . . 5 6 4 Treads 9 | . . 5 . 20 22 22 16 9 6 4 2 Wheel 6 | . . . . . . . 1 8 8 14 8 Device 3 | . . . . 9 11 13 10 3 . . 1 Storage 4 | . . . . . . . . 2 7 6 6 Processor 7 | . . . . 9 11 11 9 9 6 6 4 Hackware 7 | . . . . . . . 7 9 7 7 13 Protection 7 | . . . . 19 22 11 9 8 6 5 1 Energy Gun 1 | . . . . . . . 7 9 . . . Launcher 3 | . . . . 4 8 . 7 9 1 . . Impact Weapon 5 | . . . . . . . . . 9 12 6 Slashing Weapon 12 | . . . . . 3 11 9 9 18 21 14 Special Melee Weapon 3 | . 2 14 . 11 11 11 9 6 . . . Naked Turns 47 | . 47 . . . . . . . . . . Heaviest Build 101 | . 1 1 1 15 17 15 19 59 73 72 101 Greatest Support 40 | 3 3 3 3 40 40 40 40 20 28 28 38 Greatest Overweight (x) 5 | . . . . 1 . . 1 5 2 3 5 Average Overweight (x) 1 | . . . . . . . . 1 1 1 2 Largest Inventory Capacity 25 | 5 5 5 5 5 5 5 5 20 20 20 25 Average Capacity 15 | 5 5 5 5 5 5 5 5 8 20 17 24 Most Carried 23 | . . 1 1 5 5 5 5 10 20 20 23 Average Carried 11 | . . . 1 4 4 4 4 5 18 16 12 Final Capacity 25 | 5 5 5 5 5 5 5 5 20 20 5 25 Final Carried 22 | . . 1 1 4 5 4 5 10 20 3 22 Class Distribution -------------------- 35% | Gladiator 28% | Mutant 12% | Assassin 9% | Hacker-Mutant 4% | Bothacker-Mutant 4% | Scavenger-Mutant 3% | Hacker-Gladiator Dominant Class ---------------- Mutant | -10/Materials Mutant | -10/Mines Mutant | -9/Materials Mutant | -9/Mines Mutant | -9/Exiles Mutant | -8/Mines Assassin | -8/Materials Mutant | -8/Garrison Gladiator | -7/Factory Gladiator | -7/Waste Hacker-Mutant | -7/Factory Resources | -11 -10 -10 -9 -9 -9 -8 -8 -8 -7 -7 -7 ----------- Run | Yrd Mat Min Mat Min Exi Min Mat Gar Fac Was Fac Matter Collected 1558 | . . 22 . 288 . . 125 212 448 . 463 Remotely . | . . . . . . . . . . . . Salvage Created 1936 | . . . . 76 . . 93 493 738 . 536 Parts 108 | . . . . 16 . . 8 26 35 . 23 Haulers Intercepted 1 | . . . . . . . . . . . 1 Recyclers Shooed . | . . . . . . . . . . . . Parts Field Recycled . | . . . . . . . . . . . . Retrieved Matter . | . . . . . . . . . . . . Parts Self-Destructed . | . . . . . . . . . . . . Prevented . | . . . . . . . . . . . . Kills | -11 -10 -10 -9 -9 -9 -8 -8 -8 -7 -7 -7 ------- Run | Yrd Mat Min Mat Min Exi Min Mat Gar Fac Was Fac Combat Hostiles Destroyed 44 | . . . . 6 . . 5 13 15 . 5 Melee 19 | . . . . . . . . 4 12 . 3 Guns 3 | . . . . . . . 2 1 . . . AOE 19 | . . . . 6 . . 3 8 1 . 1 Classes Destroyed 12 | . . . . 3 . . 2 2 3 . 2 Worker 3 | . . . . . . . 1 . 1 . 1 Builder 1 | . . . . . . . . . 1 . . Tunneler 1 | . . . . 1 . . . . . . . Hauler 1 | . . . . . . . . . . . 1 Recycler 2 | . . . . . . . . . . . 2 Watcher 5 | . . . . . . . . . 2 . 3 Swarmer 16 | . . . . 4 . . 4 6 2 . . Grunt 14 | . . . . 2 . . . 4 7 . 1 Duelist 1 | . . . . . . . . 1 . . . Sentry 5 | . . . . . . . 1 1 2 . 1 Hunter 2 | . . . . . . . . 1 . . 1 Programmer 6 | . . . . . . . . . 4 . 2 Best Kill Streak 6 | . . . . 4 . . 6 4 3 . 3 Combat Bots Only 5 | . . . . 4 . . 5 4 3 . 1 Max Kills in Single Turn 4 | . . . . 3 . . 4 3 1 . 3 Gunslinging . | . . . . . . . . . . . . Exploded 3 | . . . . 3 . . 3 3 1 . 1 Melee 1 | . . . . . . . . 1 1 . 1 Uniques/NPCs Destroyed . | . . . . . . . . . . . . Combat | -11 -10 -10 -9 -9 -9 -8 -8 -8 -7 -7 -7 -------- Run | Yrd Mat Min Mat Min Exi Min Mat Gar Fac Was Fac Hostile Shots Fired 322 | . 1 . . 10 . . 19 64 137 8 83 Missed 99 | . . . . 5 . . 6 22 48 1 17 Damage Taken 3765 | . 10 . . 44 . . 168 504 1266 327 1446 Core 913 | . 10 . . 11 . . 47 135 239 46 425 Absorbed by Shields 9 | . . . . 9 . . . . . . . Regen/Repaired (Parts) 108 | . . . . . . . . . 108 . . Core Remaining (%) 89 | 100 . 96 . . . 97 . 66 . . . Volleys Fired 37 | . . . . 7 . . 9 15 3 . 3 Largest 1 | . . . . 1 . . 1 1 1 . 1 Hottest 56 | . . . . 33 . . 56 56 33 . 5 Shots Fired 37 | . . . . 7 . . 9 15 3 . 3 Gun 14 | . . . . . . . 8 6 . . . Cannon . | . . . . . . . . . . . . Launcher 20 | . . . . 7 . . 1 9 3 . . Special 3 | . . . . . . . . . . . 3 Kinetic . | . . . . . . . . . . . . Thermal 14 | . . . . . . . 8 6 . . . Explosive 17 | . . . . 7 . . 1 9 . . . Electromagnetic 3 | . . . . . . . . . 3 . . Robot Hit Streak 4 | . . . . . . . 4 2 . . 3 Robot Miss Streak 6 | . . . . 6 . . 1 4 1 . . Penetration Max . | . . . . . . . . . . . . Secondary Targets . | . . . . . . . . . . . . Shots Hit Robots 139 | . . . . 1 . . 8 40 52 . 38 Core Hits 64 | . . . . 9 . . 7 20 19 . 9 Critical Kills 2 | . . . . . . . . . 2 . . Critical Parts Destroyed 8 | . . . . . . . . . 6 . 2 Critical Strikes 17 | . . . . . . . . 4 8 . 5 Smash 10 | . . . . . . . . . 8 . 2 Sever 7 | . . . . . . . . 4 . . 3 Melee Attacks 405 | . . . . 1 . 5 17 91 195 4 92 Impact 107 | . . . . . . . . . 88 . 19 Slashing 288 | . . . . . . 5 17 82 107 4 73 Piercing . | . . . . . . . . . . . . Sneak Attacks 8 | . . . . 1 . . . 2 2 . 3 Combat Hostiles 1 | . . . . . . . . 1 . . . Follow-up Attacks 33 | . . . . . . . . . 19 . 14 Damage Inflicted 7399 | . . . . 452 . . 376 2242 2594 . 1735 Guns 144 | . . . . . . . 100 44 . . . Cannons . | . . . . . . . . . . . . Explosions 1776 | . . . . 446 . . 276 736 106 . 212 Melee 5470 | . . . . . . . . 1462 2485 . 1523 Ramming 9 | . . . . 6 . . . . 3 . . Kinetic . | . . . . . . . . . . . . Thermal 356 | . . . . . . . 100 44 . . 212 Explosive 1458 | . . . . 446 . . 276 736 . . . Electromagnetic 106 | . . . . . . . . . 106 . . Impact 1797 | . . . . . . . . . 1323 . 474 Slashing 3673 | . . . . . . . . 1462 1162 . 1049 Piercing . | . . . . . . . . . . . . Highest Corruption 36 | . . . . . . . . . 5 18 36 Average Corruption 12 | . . . . . . . . . 4 13 23 Corruption Purged . | . . . . . . . . . . . . Corruption Blocked . | . . . . . . . . . . . . Effects 147 | . . . . . . . . . 52 7 88 Message Errors 35 | . . . . . . . . . 14 1 20 Matter Fused 40 | . . . . . . . . . 15 2 23 Heat Flow Errors 17 | . . . . . . . . . 5 . 12 Energy Discharges 16 | . . . . . . . . . 4 1 11 Parts Fused 3 | . . . . . . . . . . . 3 Data Loss (minor) 22 | . . . . . . . . . 12 2 8 Data Loss (major) 5 | . . . . . . . . . 2 1 2 Alerts 6 | . . . . . . . . . . . 6 Misdirections 3 | . . . . . . . . . . . 3 Overload Shots . | . . . . . . . . . . . . Overflow Damage 1211 | . . . . . . . . 72 524 . 615 Projectiles . | . . . . . . . . . . . . Explosions 306 | . . . . . . . . 4 . . 302 Melee 905 | . . . . . . . . 68 524 . 313 Knockbacks 7 | . . . . . . . . . 3 . 4 Impact 7 | . . . . . . . . . 3 . 4 Kinetic . | . . . . . . . . . . . . Secondary . | . . . . . . . . . . . . Self-Inflicted Damage 403 | . . . . . . . . 23 16 . 364 Shots 6 | . . . . . . . . 1 1 . 4 Rammed 3 | . . . . 1 . . . . 2 . . Targets Rammed 3 | . . . . 1 . . . . 2 . . Kicked . | . . . . . . . . . . . . Crushed . | . . . . . . . . . . . . Highest Temperature 258 | . . . . 15 . . 111 56 254 . 258 Average Temperature 80 | . . . . 9 . . 48 19 114 . 81 Received Heat Transfer 642 | . 6 . . 33 . . 36 144 348 . 75 Siege Activations . | . . . . . . . . . . . . Robots Corrupted . | . . . . . . . . . . . . Combat Hostiles . | . . . . . . . . . . . . Parts Fried 10 | . . . . . . . . . 7 . 3 Impact Corruptions 23 | . . . . . . . . . 12 . 11 Robots Melted . | . . . . . . . . . . . . Combat Hostiles . | . . . . . . . . . . . . Parts Melted . | . . . . . . . . . . . . Heat Transferred 520 | . . . . . . . 259 111 . . 150 Parts Sabotaged . | . . . . . . . . . . . . Parts Stolen . | . . . . . . . . . . . . Parts Stripped . | . . . . . . . . . . . . Power Chain Reactions . | . . . . . . . . . . . . Alert | -11 -10 -10 -9 -9 -9 -8 -8 -8 -7 -7 -7 ------- Run | Yrd Mat Min Mat Min Exi Min Mat Gar Fac Was Fac Peak Influence 703 | . 15 5 1 128 . 5 183 703 419 97 446 Initial 368 | . . 5 1 . . . 1 118 368 65 4 Average 156 | . 7 5 1 86 . 1 37 352 191 63 116 Maximum Alert Level 3 | . . . . . . . . 3 2 . 2 Low Security (%) 73 | 100 100 100 100 100 . 100 100 36 65 100 77 Level 1 19 | . . . . . . . . 22 31 . 18 Level 2 5 | . . . . . . . . 31 2 . 3 Level 3 . | . . . . . . . . 9 . . . Level 4 . | . . . . . . . . . . . . Level 5 . | . . . . . . . . . . . . High Security . | . . . . . . . . . . . . Max Security . | . . . . . . . . . . . . Squads Dispatched 17 | . 1 . . . . . 1 . 9 . 6 Investigation 7 | . 1 . . . . . 1 . 3 . 2 Extermination 7 | . . . . . . . . . 4 . 3 Reinforcement 3 | . . . . . . . . . 2 . 1 Assault . | . . . . . . . . . . . . Garrison . | . . . . . . . . . . . . Intercept . | . . . . . . . . . . . . Searches Triggered . | . . . . . . . . . . . . Construction Impeded 1 | . . . . . . . . . 1 . . Haulers Reinforced 1 | . . . . . . . . . . . 1 Active Scanning Responses . | . . . . . . . . . . . . Cargo Convoy Interrupts . | . . . . . . . . . . . . Stealth | -11 -10 -10 -9 -9 -9 -8 -8 -8 -7 -7 -7 --------- Run | Yrd Mat Min Mat Min Exi Min Mat Gar Fac Was Fac Distress Signals 3 | . . . . . . . . . 2 . 1 Communications Jammed . | . . . . . . . . . . . . Distress Signals . | . . . . . . . . . . . . Times Spotted 90 | . 4 . . 9 . . 6 23 24 6 18 Peak Tracking Total 6 | . 4 . . 3 . . 5 4 4 6 4 Tactical Retreats 9 | . . . . 1 . . 1 2 3 . 2 Traps | -11 -10 -10 -9 -9 -9 -8 -8 -8 -7 -7 -7 ------- Run | Yrd Mat Min Mat Min Exi Min Mat Gar Fac Was Fac Traps Triggered 19 | . 1 . . . . . . 4 11 . 3 Indirectly . | . . . . . . . . . . . . Trap Hack Attempts . | . . . . . . . . . . . . Triggered . | . . . . . . . . . . . . Disarmed . | . . . . . . . . . . . . Reprogrammed . | . . . . . . . . . . . . Reused . | . . . . . . . . . . . . Traps Extracted . | . . . . . . . . . . . . Installed . | . . . . . . . . . . . . Triggered . | . . . . . . . . . . . . Machines | -11 -10 -10 -9 -9 -9 -8 -8 -8 -7 -7 -7 ---------- Run | Yrd Mat Min Mat Min Exi Min Mat Gar Fac Was Fac Machines Disabled 12 | . . . . . . . . 3 . . 9 Max in Single Turn 8 | . . . . . . . . 1 . . 8 Garrison Relay 2 | . . . . . . . . 2 . . . Machines Repaired . | . . . . . . . . . . . . Machines Dismantled . | . . . . . . . . . . . . Machines Sabotaged . | . . . . . . . . . . . . Overloaded Fab Kills . | . . . . . . . . . . . . Hacking | -11 -10 -10 -9 -9 -9 -8 -8 -8 -7 -7 -7 --------- Run | Yrd Mat Min Mat Min Exi Min Mat Gar Fac Was Fac Machines Accessed 26 | . 2 . . 1 1 . 3 . 15 . 4 Terminals 16 | . 2 . . 1 . . 2 . 11 . . Fabricators 3 | . . . . . . . . . 2 . 1 Repair Stations 1 | . . . . . . . . . 1 . . Recycling Units 1 | . . . . . . . . . . . 1 Scanalyzers 1 | . . . . . . . . . . . 1 Garrison Access 3 | . . . . . . . 1 . 1 . 1 Total Hacks 61 | . 4 . . 3 1 . 10 . 37 . 6 Successful 34 | . . . . 1 1 . 8 . 18 . 6 Failed 25 | . 4 . . 1 . . 2 . 18 . . Catastrophic 7 | . 1 . . . . . . . 6 . . Database Lockouts 2 | . . . . 1 . . . . 1 . . Manual 29 | . 4 . . 3 1 . 6 . 14 . 1 Terminals 43 | . 4 . . 3 . . 7 . 29 . . Fabricators 6 | . . . . . . . . . 4 . 2 Repair Stations 2 | . . . . . . . . . 2 . . Recycling Units 1 | . . . . . . . . . . . 1 Scanalyzers 2 | . . . . . . . . . . . 2 Garrison Access 6 | . . . . . . . 3 . 2 . 1 Terminal Hacks 15 | . . . . 1 1 . 3 . 10 . . Part Schematic 1 | . . . . . . . . . 1 . . Robot Analysis 4 | . . . . 1 . . . . 3 . . Prototype ID Bank 1 | . . . . . . . . . 1 . . Open DSF 1 | . . . . . . . . . 1 . . Branch Access Points 2 | . . . . . . . 1 . 1 . . Terminal Index 2 | . . . . . . . 1 . 1 . . Alert Level 1 | . . . . . . . 1 . . . . Unreport Threat 1 | . . . . . . . . . 1 . . Registered Components 1 | . . . . . . . . . 1 . . Derelict Proto ID Bank 1 | . . . . . 1 . . . . . . Fabricator Hacks 4 | . . . . . . . . . 2 . 2 Load Schematic 2 | . . . . . . . . . 1 . 1 Build 2 | . . . . . . . . . 1 . 1 Repair Station Hacks 2 | . . . . . . . . . 2 . . Scan Component 1 | . . . . . . . . . 1 . . Repair 1 | . . . . . . . . . 1 . . Recycling Unit Hacks 1 | . . . . . . . . . . . 1 Report Inventory 1 | . . . . . . . . . . . 1 Scanalyzer 2 | . . . . . . . . . . . 2 Insert Component 1 | . . . . . . . . . . . 1 Analyze 1 | . . . . . . . . . . . 1 Garrison Access Hacks 3 | . . . . . . . 2 . 1 . . Unlock Access 1 | . . . . . . . 1 . . . . Coupler Status 2 | . . . . . . . 1 . 1 . . Unauthorized Hacks 7 | . . . . . . . 3 . 3 . 1 Terminals 5 | . . . . . . . 2 . 3 . . Botnet 4 | . . . . . . . 2 . 2 . . Operators 1 | . . . . . . . . . 1 . . Fabricators . | . . . . . . . . . . . . Repair Stations . | . . . . . . . . . . . . Recycling Units . | . . . . . . . . . . . . Scanalyzers . | . . . . . . . . . . . . Garrison Access 2 | . . . . . . . 1 . . . 1 Broadcast 1 | . . . . . . . 1 . . . . Reprogram 1 | . . . . . . . . . . . 1 Data Cores Recovered . | . . . . . . . . . . . . Used . | . . . . . . . . . . . . Hacking Detections 23 | . 2 . . . . . 3 . 15 . 3 Full Trace Events 5 | . 1 . . . . . 1 . 2 . 1 Feedback Events 1 | . . . . . . . . . 1 . . Corruption 1 | . . . . . . . . . 1 . . Feedback Blocked . | . . . . . . . . . . . . Robot Schematics Acquired . | . . . . . . . . . . . . Robots Built 3 | . . . . . . . . . 3 . . Authchips . | . . . . . . . . . . . . Time 67 | . . . . . . . . . 67 . . Total Robot Build Rating 12 | . . . . . . . . . 12 . . Part Schematics Acquired 2 | . . . . . . . . . 1 . 1 Parts Built 1 | . . . . . . . . . . . 1 Authchips . | . . . . . . . . . . . . Time 36 | . . . . . . . . . . . 36 Total Part Build Rating 3 | . . . . . . . . . . . 3 Parts Repaired 1 | . . . . . . . . . 1 . . Time 13 | . . . . . . . . . 13 . . Parts Recycled . | . . . . . . . . . . . . Recycled Matter . | . . . . . . . . . . . . Retrieved Matter . | . . . . . . . . . . . . Retrieved Components . | . . . . . . . . . . . . Parts Scanalyzed 1 | . . . . . . . . . . . 1 Part Schematics Acquired 1 | . . . . . . . . . . . 1 Parts Damaged . | . . . . . . . . . . . . Bothacking | -11 -10 -10 -9 -9 -9 -8 -8 -8 -7 -7 -7 ------------ Run | Yrd Mat Min Mat Min Exi Min Mat Gar Fac Was Fac Used RIF Installer 1 | . . . . . . . . 1 . . . Robots Hacked 7 | . . . . 1 . . . 5 . . 1 Non-combat 2 | . . . . 1 . . . . . . 1 Combat 5 | . . . . . . . . 5 . . . Robot Hacks Applied 10 | . . . . 1 . . . 6 . . 3 parse_system 2 | . . . . 1 . . . 1 . . . no_distress 1 | . . . . . . . . . . . 1 find_fabricator 1 | . . . . . . . . . . . 1 find_dsf 1 | . . . . . . . . . . . 1 disable_weapons 1 | . . . . . . . . 1 . . . streamctrl_high 1 | . . . . . . . . 1 . . . formatsys_high 3 | . . . . . . . . 3 . . . Relay Couplers Released 13 | . . . . . . . . 9 . . 4 Machine Destruction 9 | . . . . . . . . 9 . . . Programmers 4 | . . . . . . . . . . . 4 Attached 3 | . . . . . . . . 3 . . . Fabnet Peak Effective % . | . . . . . . . . . . . . Robots Rewired . | . . . . . . . . . . . . Allies Hacked 4 | . . . . . . . . . 2 . 2 Hacks Repelled . | . . . . . . . . . . . . Allies | -11 -10 -10 -9 -9 -9 -8 -8 -8 -7 -7 -7 -------- Run | Yrd Mat Min Mat Min Exi Min Mat Gar Fac Was Fac Total Allies 10 | . . . . . . . . 4 3 . 3 Largest Group 3 | . . . . . . . . 3 3 . 2 Highest-Rated Group 90 | . . . . . . . . 53 90 . 71 Highest-Rated Ally 55 | . . . . . . . . 21 30 . 55 Total Orders 2 | . . . . . . . . 2 . . . STAY 1 | . . . . . . . . 1 . . . FOLLOW 1 | . . . . . . . . 1 . . . Ally Attacks 69 | . . . . . . . . 26 13 . 30 Total Damage 1573 | . . . . . . . . 339 375 . 859 Kills 14 | . . . . . . . . 3 1 . 10 Allies Corrupted . | . . . . . . . . . . . . Allies Melted 1 | . . . . . . . . . 1 . . Intel | -11 -10 -10 -9 -9 -9 -8 -8 -8 -7 -7 -7 ------- Run | Yrd Mat Min Mat Min Exi Min Mat Gar Fac Was Fac Robot Analysis Total 4 | . . . . 1 . . . . 3 . . Derelict Logs Recovered 3 | . . 1 . 2 . . . . . . . Drone Launches . | . . . . . . . . . . . . Drone Recoveries . | . . . . . . . . . . . . Exploration | -11 -10 -10 -9 -9 -9 -8 -8 -8 -7 -7 -7 ------------- Run | Yrd Mat Min Mat Min Exi Min Mat Gar Fac Was Fac Turns Passed 8166 | 10 57 73 4 697 557 164 686 793 3145 171 1809 Spaces Moved 5123 | 19 110 141 8 444 347 94 321 489 2026 136 988 Core 354 | 19 110 141 8 76 . . . . . . . Treads 1078 | . . . . 368 347 94 241 27 1 . . Legs . | . . . . . . . . . . . . Wheels 3691 | . . . . . . . 80 462 2025 136 988 Hover . | . . . . . . . . . . . . Flight . | . . . . . . . . . . . . Fastest Speed 50 | 50 50 50 50 50 160 160 95 80 115 95 100 Average Speed 128 | 50 50 50 50 148 160 160 143 109 127 116 137 Slowest Speed 320 | 50 50 50 50 160 160 160 160 320 320 130 175 Overloaded Moves . | . . . . . . . . . . . . Propulsion Burnouts . | . . . . . . . . . . . . Robots Hopped . | . . . . . . . . . . . . Cave-ins Triggered 1 | . . . . . . . . . . . 1 Exploration Rate (%) 38 | 3 26 42 1 85 77 16 17 39 45 86 20 Regions Visited 11 Branch Regions 4 Pre-discovered Areas 1 | . . . . 1 . . . . . . . Known Exits Taken 1 | . . . . . . . 1 . . . . Unknown Exits Taken 7 | 1 1 1 1 1 1 1 . . . . . Scrap Searched 2 | . . 1 . 1 . . . . . . . Spaces Dug 166 | . . . . . . 5 17 33 85 2 24 Terrain Destroyed 312 | . . . . 69 . 5 22 78 85 2 51 Melee 166 | . . . . . . 5 17 33 85 2 24 Projectile . | . . . . . . . . . . . . AOE 146 | . . . . 69 . . 5 45 . . 27 Terrain Rammed . | . . . . . . . . . . . . Walls Destroyed . | . . . . . . . . . . . . Machines Disabled . | . . . . . . . . . . . . Actions | -11 -10 -10 -9 -9 -9 -8 -8 -8 -7 -7 -7 --------- Run | Yrd Mat Min Mat Min Exi Min Mat Gar Fac Was Fac Total 6168 | 18 110 142 7 474 348 104 519 646 2339 143 1318 Wait 475 | . . . . 4 . . 161 11 96 2 201 Move 5114 | 18 109 140 7 443 346 93 321 488 2026 135 988 Hop . | . . . . . . . . . . . . Pick Up 70 | . . 1 . 5 1 1 3 12 22 . 25 Fast Attach 50 | . 1 1 . 7 . 1 3 5 17 1 14 Attach 27 | . . . . 1 . . 2 4 7 3 10 Detach 12 | . . . . 1 . . 1 . 5 . 5 Swap 18 | . . . . 1 1 . . 3 9 . 4 Drop 47 | . . . . 3 . 4 2 10 23 . 5 Fire 37 | . . . . 7 . . 9 15 3 . 3 Melee 301 | . . . . 1 . 5 17 91 122 2 63 Ram . | . . . . . . . . . . . . Kick . | . . . . . . . . . . . . Crush 3 | . . . . 1 . . . . 2 . . Escape Stasis 13 | . . . . . . . . 7 6 . . Rewire 1 | . . . . . . . . . 1 . . Trap . | . . . . . . . . . . . . Miscellaneous . | . . . . . . . . . . . . Route ------- -11/Scrapyard -10/Materials -10/Mines -9/Materials -9/Mines (discovered 2 exits: *Mat / *Exi) -9/Exiles -8/Mines -8/Materials (discovered 2 exits: Fac / Gar) -8/Garrison -7/Factory (discovered 6 exits: [*Fac x2] / *Sto x2 / *Low x2) -7/Waste -7/Factory (discovered 3 exits: [*Fac] / *Sto / *Low) History --------- Turn | Location | Event 4 | -11/Scrapyard | Discovered new exit (range 13) 11 | -11/Scrapyard | Entered Materials 64 | -10/Materials | Discovered new exit (range 8) 68 | -10/Materials | Entered Mines 113 | -10/Mines | Met a Derelict bent on vengeance 116 | -10/Mines | Learned Materials trap positions 135 | -10/Mines | Discovered new exit (range 10) 141 | -10/Mines | Entered Materials 141 | -9/Materials | Evolved 2 slots: Utility x2 141 | -9/Materials | Discovered new exit (range 7) 142 | -9/Materials | Loaded intel: 11 trap records 145 | -9/Materials | Entered Mines 179 | -9/Mines | Learned Materials stockpile data 197 | -9/Mines | Joined a pair of Derelicts in attacking an 0b10 outpost 318 | -9/Mines | Build established: Mutant 367 | -9/Mines | Discovered new exit (range 9) 389 | -9/Mines | Central database locked down 542 | -9/Mines | Received a Rocket Launcher from a helpful Derelict 701 | -9/Mines | Learned location of 1 exit from Materials 770 | -9/Mines | Learned location of Storage (-7) 834 | -9/Mines | Deemed a non-threat by the Exiles lab entrance 834 | -9/Mines | Discovered new exit (range 5) 842 | -9/Mines | Entered Exiles 886 | -9/Exiles | Met 8R-AWN 913 | -9/Exiles | Met EX-HEX 1012 | -9/Exiles | Met EX-DEC 1043 | -9/Exiles | Visited The Gauntlet 1162 | -9/Exiles | Met EX-BIN 1186 | -9/Exiles | Aligned with FarCom system 1188 | -9/Exiles | Given EX-Vault access code 1226 | -9/Exiles | Opened EX-Vault 1242 | -9/Exiles | Found Longsword +1 1277 | -9/Exiles | Warned to stay clear of 0b10 Research branches 1375 | -9/Exiles | Discovered new exit (range 14) 1399 | -9/Exiles | Left Exiles lab with Longsword +1 1399 | -9/Exiles | Entered Mines 1517 | -8/Mines | Discovered new exit (range 8) 1563 | -8/Mines | Entered Materials 1563 | -8/Materials | Evolved 2 slots: Weapon x2 1564 | -8/Materials | Identified exit to Factory 1879 | -8/Materials | Build established: Assassin 2249 | -8/Materials | Identified exit to Garrison 2249 | -8/Materials | Entered Garrison 2402 | -8/Garrison | Installed Relay Interface Framework 2538 | -8/Garrison | Garrison Relay disabled 2568 | -8/Garrison | Triggered checkpoint 2690 | -8/Garrison | Triggered checkpoint 2716 | -8/Garrison | Triggered checkpoint 2770 | -8/Garrison | Triggered checkpoint 2858 | -8/Garrison | Triggered checkpoint 2969 | -8/Garrison | Garrison Relay disabled 3028 | -8/Garrison | Spotted B-75 Beast 3030 | -8/Garrison | Discovered exit to Factory (range 9) 3042 | -8/Garrison | Entered Factory 3042 | -7/Factory | Evolved 2 slots: Propulsion x1, Weapon x1 3081 | -7/Factory | Repaired Lgt. Treads 3165 | -7/Factory | Build established: Scavenger-Mutant 3538 | -7/Factory | Discovered new exit (range 9) 3728 | -7/Factory | Build established: Gladiator 4862 | -7/Factory | Discovered new exit (range 5) 5292 | -7/Factory | Discovered new exit (range 15) 5462 | -7/Factory | Fabricated L-41 Fighter (x3) 5657 | -7/Factory | Discovered new exit (range 5) 5724 | -7/Factory | Identified exit to Storage 5724 | -7/Factory | Identified exit to Lower Caves 5794 | -7/Factory | Central database locked down 6187 | -7/Factory | Sucked down chute 6187 | -7/Factory | Entered Waste 6202 | -7/Waste | EMP discharged 6202 | -7/Waste | System corruption reached 10% 6224 | -7/Waste | Spotted C-40 Crusher 6248 | -7/Waste | Spotted C-40 Crusher 6266 | -7/Waste | Spotted C-40 Crusher 6284 | -7/Waste | Spotted C-40 Crusher 6290 | -7/Waste | Crushed by Compactor (1 part destroyed, 1 dropped) 6291 | -7/Waste | Spotted C-40 Crusher 6293 | -7/Waste | Crushed by Compactor (1 part destroyed, 1 dropped) 6302 | -7/Waste | EMP discharged 6310 | -7/Waste | Found Broken Imp. Powered Armor 6322 | -7/Waste | Spotted C-40 Crusher 6324 | -7/Waste | Lost 3 parts (3n) 6330 | -7/Waste | Crushed by Compactor (1 part destroyed, 1 dropped) 6331 | -7/Waste | Crushed by Compactor (1 part destroyed, 1 dropped) 6335 | -7/Waste | Crushed by Compactor (1 part destroyed) 6347 | -7/Waste | Discovered new exit (range 10) 6358 | -7/Waste | Entered Factory 6366 | -7/Factory | Lost 6 parts (2n2u2w) 6852 | -7/Factory | Discovered exit to Storage (range 7) 7134 | -7/Factory | Fabricated Hacking Suite? 7163 | -7/Factory | Discovered exit to Lower Caves (range 5) 7164 | -7/Factory | Build established: Hacker-Mutant 7622 | -7/Factory | Crushed by falling debris 7622 | -7/Factory | Core integrity fell below 50% 7622 | -7/Factory | System corruption reached 30% 7893 | -7/Factory | Core integrity fell below 20% 7903 | -7/Factory | Discovered new exit (range 16) 7923 | -7/Factory | Lost 4 parts (1p2n1w) 8128 | -7/Factory | Build established: Bothacker-Mutant 8167 | -7/Factory | Destroyed by P-60 Hacker with Shock Rifle Last Messages --------------- 07946_ U-05 Engineer lays Concrete. 07948_ K-01 Serf collects debris. 07949_ U-05 Engineer lays Concrete. 07952_ K-01 Serf collects debris. 07953_ System corrupted: Matter fused (-7). 07996_ SKBTFC>YD B|P7GTXFAPF ACOA 08011_ System corrupted: Component data lost. 08028_ System corrupted: Matter fused (-6). 08043_ System corrupted: Heat flow error (+123). 08059_ 8SCQW A,SPT 9V7ODB5FMR7MSEUAI# 08065_ Acquired 86 matter. 08079_ System corrupted: Matter fused (-9). 08096_ System corrupted: Matter fused (-10). 08107_ U-05 Engineer builds a Wall. 08108_ ALERT: Rogue bot located, Programmers report to Factory Zone 2G. 08112_ System corrupted: Energy discharge (-90). 08129_ H,SO%NBRCK7BIWXIKZ1ETOTYR C0 I9#FL 08156_ Hvy. Flail follow-up attack on P-60 Hacker. 08156_ Hvy. Flail destroyed. 08163_ Destroyed Shock Rifle. Map ----- +----------------------------------------------------+ | ?????????????????????????????????????????????????? | | ?????????????????????????????????????????????????? | | ?????????????????????????????????????????????????? | | ?????????????????????????????????????????????????? | | ?????????????????????????????????????????????????? | | ?????????????????????????????????????????????????? | | ?????????????????????????????????????????????????? | | ?????????????????????????????????????????????????? | | ?????????????????????????????????????????????????? | | ?????????????????????????????????????????????????? | | ?????????????????????????????????????????????????? | | ?????????????????????????????????????????????????? | | ?????????????????????????????????????????????????? | | ?????????????????????????????????????????????????? | | ?????????????????????????????????????????????????? | | ?????????????????????????????????????????????????? | | ?????????????????????????????????????????????????? | | ?????????????????????????????????????????????????? | | ?????????????????????????????????????????????????? | | ????????????##???????????????????????????????????? | | ????????????###############??????????????????????? | | ?????????????# #????????"?????????????? | | ????????????#"[ " " " " " #?????? ""?????????????? | | ????????????## " " " " " #???? ??????????????? | | ?????????????# " " " " " #?? """ ???????????????? | | ?????????????# " " " " "@# """ "??????????????? | | ?##########??# " " " " " p """ "??????????????? | | ?# #??# " " " " " #u ???????????? | | ?# """ #??# " " " "u" + #?????????? | | ?# """"" #??# " " " " " #?###### #?????????? | | ?# """"" #??# " " " " " #?????????? #?????????? | | ?# =!% #??# #??????????????????????? | | ## """ #??# #?????##???????????????? | | / """ #??##+###########???? ???????????????? | | ## """ ##### #####?????????? ????????????????? | | ## # #?????????? ????????????????? | | #######+### ########??? #????????????????? | | # #??? #????????????????? | | # [[[ #### #????????????????? | | % + [[[ / #????????????????? | | # [ [ # #????????????????? | | # # #????????????????? | | #! # #????????????????? | | ######## #????????????????? | | ] ######???# #????????????????? | | ]] #???# #????????????????? | | ] #???# #????????????????? | | < #???# #????????????????? | | #???# #????????????????? | | ""###""########+## #???# #????????????????? | +----------------------------------------------------+ Best States ------------- Heat Dissipation 34 Energy Generation 17 Energy Capacity 300 Matter Stores 300 Matter Capacity 300 Sight Range 16 Robot Scan Range 15 Terrain Scan Range 16 Terrain Scan Density 210 Armor Coverage 450 Weapon Shielding 66 Melee Speed Boost 20 Evasion (%) 50 Targeting Accuracy 5 Melee Accuracy 5 Recoil Reduction 2 Offensive Hacking 20 Defensive Hacking 10 Relay Coupler Types 2 Relay Coupler Value 31 Item Schematics ----------------- Hacking Suite | -7/Factory | Hacked Imp. Signal Interpreter | -7/Factory | Scanalyzed Robot Schematics ------------------ None Fabricated ------------ L-41 Fighter | x3 | -7/Factory | Preloaded Hacking Suite | x1 | -7/Factory Alien Tech Used ----------------- None Achievements -------------- None Challenges ------------ None Game ------ Seed MakeshiftFusionAutobeam Manual? 0 Play Time 01:48:02 Cumulative 175.8 hours Start 2024.04.10 @ 11:50:05 End 2024.04.10 @ 13:57:11 Sessions 3 Manual Loads 0 Difficulty Rogue Special Mode None Game No. 165 Rogue 160 Adventurer 0 Explorer 5 Win Type - Total 5 Types 2/0/1/2/0/0/0/0/0 Lore% 53 Gallery% 62 Achievement% 48 Wizard Run 0 Options --------- Layout 0 ASCII 0 Keyboard 0 Movement Mouse Keybinds 0 Fullscreen 2 Font 36/Tamsyn Map View 83x50 Zoom Use 0% Tactical HUD 1 Map Filters NONE Filters NONE Steam 1 RUN: b21609f7-54b7-4d4a-8e95-9f5c9857346e